 Dungeon Crawl Stone Soup version 0.29.0-5-ge4962eb29e (webtiles) character file.

Game seed: 9403692340259829000

95 concernfroge the Trooper (level 4, -2/39 HPs)
             Began as a Mummy Monk on Aug 28, 2022.
             Slain by an iguana (10 damage)
             ... on level 3 of the Dungeon.
             The game lasted 00:06:55 (2541 turns).

concernfroge the Trooper (Mummy Monk)               Turns: 2541, Time: 00:06:55

Health: -2/39      AC:  4    Str: 16    XL:     4   Next: 40%
Magic:  4/4        EV: 12    Int:  9    God:
Gold:   178        SH:  0    Dex: 14    Spells: 3/3 levels left

rFire   x . .      SeeInvis .   a - +0 spear
rCold   + . .      Faith    .   (no shield)
rNeg    + + +      Spirit   .   b - +0 robe
rPois   ∞          Reflect  .   e - +0 helmet
rElec   .          Harm     .   (no cloak)
rCorr   .          Rampage  .   (no gloves)
Will    .....                   i - +0 pair of boots
Stlth   ++........              (no amulet)
HPRegen 0.13/turn               (no ring)
MPRegen 0.09/turn               (no ring)

@: about to teleport
A: cold resistance 1, negative energy resistance 3, torment resistance 2, heat
vulnerability 1, in touch with death 1, no potions
a: no special abilities


You were on level 3 of the Dungeon.
You visited 1 branch of the dungeon, and saw 3 of its levels.

You collected 178 gold pieces.

Inventory:

Hand Weapons
 a - a +0 spear (weapon)
 d - a +0 club
Armour
 b - a +0 robe (worn)
 e - a +0 helmet (worn)
 i - a +0 pair of boots (worn)
Scrolls
 c - a scroll of teleportation
 f - a scroll of enchant armour {unknown}
 g - a scroll of poison {unknown}
 h - a scroll of noise {unknown}
 k - a scroll of vulnerability {unknown}


   Skills:
 + Level 5.2 Fighting
 - Level 2.4 Polearms
 - Level 2.4 Dodging
 - Level 1.5 Stealth


You had 3 spell levels left.
You didn't know any spells.
Your spell library contained the following spells:

 Spells                   Type           Power      Damage    Failure   Level
 Dazzling Flash           Conj/Hex       0%         N/A       77%         3
 Iskenderun's Mystic Bla  Conj/Tloc      0%         2d3       99%         4
 Starburst                Conj/Fire      0%         6d3       100%        6


Dungeon Overview and Level Annotations

Branches:
Dungeon (3/15)

Altars:
Kikubaaqudgha


Innate Abilities, Weirdness & Mutations

You are immune to poison.
Your flesh is cold resistant. (rC+)
You are immune to negative energy. (rN+++)
You are immune to unholy pain and torment.
You are vulnerable to heat. (rF-)
You are in touch with the powers of death.
You do not drink.


Message History

You shout for attention!
The iguana hisses angrily.
You hear a shout! x4
The iguana hisses menacingly.
A giant cockroach comes into view.
You reach to attack!
You hit the iguana but do no damage. You closely miss the iguana.
You hit the iguana but do no damage.
The iguana bites you but does no damage.
You hit the iguana.
The iguana is lightly wounded.
The iguana barely misses you.
You hit the iguana but do no damage.
The iguana is lightly wounded.
The iguana barely misses you.
You hit the iguana but do no damage.
The iguana is lightly wounded.
The iguana barely misses you.
You hit the iguana but do no damage.
The iguana is lightly wounded.
The iguana misses you.
You hit the iguana but do no damage. You punch the iguana.
The iguana is moderately wounded.
The iguana hisses menacingly.
The iguana bites you!
You hit the iguana but do no damage.
The iguana is moderately wounded.
The iguana bites you.
You hit the iguana but do no damage. You punch the iguana.
The iguana is moderately wounded.
A hobgoblin comes into view.
The iguana bites you!
You closely miss the iguana.
The iguana is moderately wounded.
A kobold comes into view.
It is wielding a +0 club and quivering poisoned darts.
The iguana bites you!
* * * LOW HITPOINT WARNING * * *
As you read the scroll of teleportation, it crumbles to dust.
You feel strangely unstable.
A frilled lizard comes into view.
The iguana bites you!
You die...

#.....# .# #
..#..##.# .#
.......##:##
...........
.....g...
#8......#
+(..#
###8..#####.
#.@lB...K..(
#.##..####..
... #..#
#..# #..#
#.# #<.# ..
#..# .# ...#
l. <...#
##...#


You could see an iguana, a giant cockroach, a hobgoblin, a kobold (wandering)
and a frilled lizard (wandering).

Vanquished Creatures
  3 adders (D:2)
  2 worms
  3 bats
  8 endoplasms
  3 giant cockroaches (D:2)
  4 goblins
  6 hobgoblins
  7 jackals (D:1)
  5 kobolds
  2 quokkas (D:1)
  5 ball pythons
  A frilled lizard (D:2)
  5 rats
54 creatures vanquished.

Notes
Turn   | Place    | Note
-------+----------+-------------------------------------------
     0 | D:1      | concernfroge the Mummy Monk began the quest for the Orb.
     0 | D:1      | Reached XP level 1. HP: 18/18 MP: 1/1
   319 | D:1      | Reached XP level 2. HP: 14/24 MP: 2/2
   919 | D:1      | Reached skill level 4 in Fighting
  1052 | D:1      | Gained mutation: You are in touch with the powers of death.
                  | [Mummy growth]
  1052 | D:1      | Reached XP level 3. HP: 29/30 MP: 3/3
  1901 | D:2      | Found an ancient bone altar of Kikubaaqudgha.
  1985 | D:2      | Reached XP level 4. HP: 32/38 MP: 4/4
  2040 | D:2      | Reached skill level 5 in Fighting
  2541 | D:3      | Slain by an iguana

Illustrated notes

Levels and vault maps discovered:
D:1:      mrwooster_arrival_statue, layout_basic
D:2:      layout_loops_ring, basic_altar, wander_ebering_terrifying_dragon_lair
D:3:      layout_loops_ring, nicolae_overflow_hallway_of_the_gods,
          dreamdust_ecumenical_altar_angels_and_demons, uniq_jessica,
          uniq_terence

Skill      XL: |  1  2  3  4 |
---------------+-------------+-----
Fighting       | 4 5 |  5.2
Polearms       | |  2.4
Dodging        | |  2.4
Stealth        | |  1.5

Action                   |  1- 3 |  4- 6 || total
-------------------------+-------+-------++-------
Melee: Spear             |   235 |    41 ||   276
       Punch             |     2 |     2 ||     4
Throw: Dart              |     6 |     3 ||     9
  Use: Scroll            |     1 |     1 ||     2
 Stab: Sleeping          |     3 |     2 ||     5
       Distracted        |     1 |       ||     1
Armor: Robe              |    30 |     8 ||    38
Dodge: Dodged            |   127 |    12 ||   139
